cohdb
Replays
Latest Replays
All Replays
Popular Replays
Top Player Replays
Match Explorer
How It Works
Community
CoH3 Stats
Reddit
Sign in to upload your games and track your stats! →
Sign in with Steam
Match 36577270
Unlisted
Match 36577270
Overview
Messages
Build Orders
End
Selects Italian Combined Arms Battlegroup
Selects Bersaglieri Squad
Bersaglieri Squad
Bersaglieri Squad
Construct Light Support Kompanie
Selects Bersaglieri Bolster
Bersaglieri Squad
Fire Support Elements
Bersaglieri Squad
Selects Breda Model 30 Light Machine Guns
Flakvierling Half-track
Vehicle Survival Package
Tungsten Core Ammunition
Tungsten Core Ammunition
Construct Panzerarmee Kommand
Selects Semovente da 75/18 Assault Gun
Advanced Optics
Fonty13
Vida
小桐乐
vincent
Sunk Cost
SSG 08 Boy
DeXtrOsE
J_Shizlet
0
0
Comments
sign in to comment!
No comments posted yet!